Map: Ever Dream LE

Players

Future - Winner!

  • Race: Terran Terran
  • Spawn Location: 1:00

MaSa

  • Race: Terran Terran
  • League: Master
  • Spawn Location: 7:00

Event: DreamHack SC2 Masters 2020 Fall

VOD

Have the link to the VOD?

Description

Time

  • Played on: Sept. 2, 2020, 6:14 p.m.
  • Length: 14:20

All games in this series

Show
View Real Time Build Order
Export as new Build Order

Future Terran - Winner!

Build Orders: Cyclone Opening 

Get SALT Encoding   

  12  0:00  SCV  
  13  0:12  SCV  
  14  0:17  Supply Depot  
  14  0:26  SCV  
  15  0:39  SCV, Barracks  
  16  0:44  Refinery  
  16  0:51  SCV  
  16  0:55  Refinery  
  17  1:03  SCV  
  18  1:15  SCV  
  19  1:27  Reaper, Orbital Command  
  20  1:36  Supply Depot  
  20  1:42  Factory  
  20  1:53  SCV  
  21  1:59  Reaper  
  22  2:05  SCV  
  23  2:16  Command Center  
  23  2:18  SCV  
  24  2:26  Hellion  
  26  2:30  SCV  
  26  2:33  Barracks Tech Lab  
  27  2:40  Starport  
  27  2:43  SCV  
  28  2:51  Supply Depot  
  28  2:56  Cyclone  
  31  3:05  Barracks Reactor  
  32  3:12  SCV  
  32  3:16  Starport Tech Lab  
  32  3:24  Refinery  
  32  3:25  SCV  
  33  3:28  Orbital Command  
  33  3:32  Siege Tank  
  36  3:37  SCV  
  36  3:40  Marine x2  
  39  3:49  SCV  
  39  3:54  SCV  
  41  3:58  Marine x2  
  41  4:01  SCV  
  44  4:05  Raven, Supply Depot  
  44  4:06  SCV  
  47  4:13  SCV  
  48  4:17  Marine x2  
  48  4:18  SCV  
  48  4:20  Siege Tank  
  54  4:24  Supply Depot  
  54  4:27  SCV  
  54  4:30  SCV  
  56  4:35  Marine x2  
  58  4:39  SCV  
  58  4:42  SCV  
  60  4:46  Command Center  
  60  4:51  SCV  
  61  4:53  Supply Depot  
  61  4:54  SCV  
  61  4:57  Siege Tank  
  65  5:00  Viking  
  65  5:06  Viking  
  69  5:07  SCV  
  70  5:14  Stimpack, Marine  
  70  5:15  SCV  
  70  5:19  SCV, Supply Depot  
  73  5:27  SCV  
  74  5:30  Viking  
  74  5:33  SCV  
  77  5:39  SCV  
  77  5:41  Viking  
  77  5:42  Supply Depot  
  80  5:47  SCV, Siege Tank  
  84  5:51  SCV  
  84  5:54  Engineering Bay  
  85  6:00  SCV, Orbital Command  
  86  6:05  Engineering Bay  
  86  6:13  Viking x2  
  86  6:14  SCV  
  91  6:19  Siege Tank  
  91  6:20  SCV  
  91  6:25  Orbital Command  
  95  6:30  SCV  
  94  6:34  SCV  
  94  6:35  Barracks  
  94  6:37  Barracks  
  94  6:38  Marine  
  96  6:42  SCV, Terran Infantry Weapons Level 1, Terran Infantry Armor Level 1  
  96  6:46  SCV  
  98  6:52  Starport Reactor  
  98  6:54  SCV  
  98  6:57  SCV  
  98  6:58  SCV  
  98  7:00  Refinery  
  101  7:06  SCV  
  99  7:08  Siege Tank  
  99  7:11  SCV x2  
  99  7:15  Marine  
  101  7:19  Supply Depot  
  101  7:20  Supply Depot, Barracks x2  
  101  7:23  SCV x2, Refinery x2  
  101  7:24  Sensor Tower  
  101  7:26  Barracks Reactor x2  
  101  7:33  Marine  
  101  7:34  SCV  
  103  7:40  Sensor Tower  
  102  7:51  Marine  
  95  7:52  SCV  
  95  7:53  SCV  
  95  7:55  Siege Tank  
  95  7:57  Medivac  
  96  7:59  SCV  
  96  8:04  SCV  
  95  8:06  SCV  
  95  8:08  Marine x4  
  95  8:10  Barracks Reactor  
  95  8:11  SCV, Combat Shield  
  101  8:14  Marine  
  101  8:16  SCV  
  101  8:18  SCV  
  101  8:19  Supply Depot  
  102  8:20  Armory  
  102  8:23  SCV  
  102  8:26  Marine  
  102  8:27  Marine x3, Siege Tank  
  103  8:28  SCV  
  103  8:30  SCV  
  103  8:33  Medivac  
  113  8:36  SCV, Marine x3  
  113  8:39  Supply Depot  
  113  8:40  SCV, Supply Depot x2  
  120  8:42  SCV  
  120  8:43  Supply Depot  
  120  8:44  Marine x4  
  125  8:51  Marine x2  
  127  8:59  Siege Tank  
  127  9:00  Missile Turret  
  127  9:02  Missile Turret  
  130  9:03  Missile Turret  
  130  9:06  Terran Infantry Armor Level 2, Terran Infantry Weapons Level 2  
  130  9:08  Terran Vehicle Weapons Level 1  
  130  9:09  Marine x5  
  133  9:18  Marine x3  
  133  9:26  Marine  
  133  9:27  Marine x3  
  136  9:33  Command Center  
  136  9:34  Marine  
  136  9:37  Marine x3  
  136  9:38  Marine  
  140  9:41  Viking, Siege Tank  
  140  9:42  Viking  
  148  9:47  Marine x3  
  148  9:49  Supply Depot  
  148  9:50  Supply Depot  
  148  9:52  Marine  
  152  9:54  Marine  
  152  9:58  Factory  
  147  10:00  Marine  
  147  10:01  Marine x2  
  147  10:04  Marine  
  147  10:05  Marine  
  152  10:10  Barracks Reactor  
  152  10:11  Marine  
  152  10:13  Marine x2, Siege Tank  
  158  10:18  Marine x3, Sensor Tower  
  158  10:19  Liberator  
  164  10:22  Marine  
  164  10:23  Marine  
  162  10:29  Marine  
  162  10:30  Marine  
  162  10:31  Marine  
  159  10:36  Marine x3  
  159  10:40  Marine x2  
  163  10:44  Medivac  
  163  10:46  Marine  
  163  10:47  Marine x2  
  163  10:48  Marine x2, Siege Tank  
  171  10:54  Marine x3  
  171  10:56  Siege Tank  
  170  10:58  Marine  
  170  11:00  Refinery  
  170  11:02  Medivac  
  173  11:17  SCV  
  173  11:18  SCV x2  
  176  11:19  Planetary Fortress  
  176  11:20  Siege Tank  
  179  11:28  Medivac, Siege Tank  
  179  11:29  SCV  
  179  11:31  Medivac  
  187  11:38  SCV x2  
  187  11:42  SCV  
  186  11:49  Marine x4  
  186  11:50  SCV, Marine  
  186  11:52  Siege Tank  
  194  11:55  Marine  
  194  11:56  Marine  
  194  11:57  Marine x3  
  195  12:04  Supply Depot  
  195  12:06  Supply Depot  
  195  12:21  Medivac x2  
  195  12:22  Marine x2  
  195  12:23  Marine x7  
  195  12:24  Marine, Siege Tank  
  195  12:25  Siege Tank  
  164  12:40  Marine x3  
  164  12:41  Marine x6  
  164  12:42  Marine  
  168  12:56  Siege Tank  
  168  12:57  Viking x2, Marine  
  168  12:58  Marine x5, Siege Tank  
  178  12:59  Marine x3  
  178  13:01  Refinery  
  178  13:02  SCV x3, Refinery  
  178  13:03  SCV  
  190  13:07  Marine  
  188  13:15  Marine  
  188  13:16  Marine x6  
  185  13:27  Command Center x2, Marine  
  178  13:28  Siege Tank  
  178  13:30  Marine, Siege Tank  
  178  13:31  Viking  
  178  13:32  Viking  
  185  13:50  Marine x5  
Show
View Real Time Build Order
Export as new Build Order

MaSa Terran 

Build Orders: Gas First Reaper Expand 

Get SALT Encoding   

  12  0:00  SCV  
  13  0:12  SCV  
  14  0:16  Supply Depot  
  14  0:24  SCV  
  14  0:27  Refinery  
  15  0:38  SCV  
  16  0:44  Barracks  
  16  0:50  SCV  
  17  1:02  SCV  
  18  1:14  SCV  
  19  1:31  Reaper, Orbital Command  
  20  1:45  Command Center  
  20  1:54  Factory  
  20  1:58  SCV  
  21  2:03  Marine  
  21  2:07  Supply Depot  
  22  2:10  SCV  
  23  2:18  Refinery  
  23  2:29  SCV, Marine  
  25  2:33  Bunker  
  25  2:39  Starport, Factory Tech Lab  
  25  2:41  SCV  
  26  2:47  Marine  
  27  2:57  Orbital Command  
  27  3:00  SCV  
  27  3:05  Siege Tank  
  31  3:12  Barracks Reactor  
  31  3:13  Refinery  
  31  3:16  SCV  
  32  3:24  SCV  
  32  3:26  Viking  
  35  3:29  SCV  
  36  3:34  Supply Depot  
  36  3:36  SCV  
  37  3:41  Cyclone  
  37  3:44  SCV  
  41  3:49  SCV  
  41  3:51  Marine x2  
  44  3:56  SCV, Starport Tech Lab  
  45  4:06  SCV  
  45  4:07  Supply Depot  
  45  4:08  SCV, Marine  
  45  4:09  Marine  
  49  4:14  Raven  
  50  4:18  SCV  
  50  4:20  SCV, Supply Depot  
  52  4:29  Siege Tank  
  52  4:30  Supply Depot  
  56  4:33  SCV  
  56  4:35  SCV  
  57  4:45  Command Center  
  57  4:47  SCV  
  57  4:52  SCV  
  59  4:58  Barracks  
  59  4:59  Barracks  
  59  5:02  SCV  
  59  5:05  Stimpack, Marine  
  61  5:08  SCV  
  61  5:10  Siege Tank  
  61  5:12  Starport Reactor  
  65  5:15  SCV  
  65  5:20  SCV  
  67  5:24  Supply Depot  
  67  5:25  Marine  
  67  5:27  SCV, Refinery  
  69  5:32  SCV  
  69  5:33  Engineering Bay  
  70  5:35  Engineering Bay  
  70  5:39  SCV  
  70  5:44  SCV, Marine  
  70  5:47  Siege Tank  
  75  5:51  SCV  
  75  5:55  Viking  
  78  5:58  Viking  
  77  6:06  SCV  
  77  6:07  Marine  
  77  6:08  Marine x3  
  82  6:13  SCV  
  82  6:14  Terran Infantry Weapons Level 1  
  83  6:23  Siege Tank  
  86  6:25  Marine  
  86  6:27  Viking  
  86  6:31  SCV  
  90  6:37  SCV  
  90  6:38  Orbital Command  
  90  6:39  Terran Infantry Armor Level 1  
  91  6:46  SCV, Combat Shield  
  92  6:47  Marine x2  
  92  6:49  SCV  
  95  6:54  Marine  
  95  6:55  Marine, Siege Tank  
  95  6:58  SCV  
  101  7:07  Supply Depot, Marine x2  
  101  7:11  SCV  
  101  7:14  Medivac  
  101  7:15  SCV, Medivac  
  101  7:19  SCV  
  101  7:22  Supply Depot  
  100  7:23  Barracks Reactor, Supply Depot  
  100  7:26  Barracks  
  100  7:27  SCV  
  100  7:32  Barracks  
  100  7:36  SCV  
  101  7:38  SCV  
  101  7:41  SCV  
  101  7:44  Marine x3  
  104  7:48  SCV  
  104  7:50  SCV  
  105  7:51  Medivac x2  
  105  7:56  SCV  
  107  8:01  Marine x4  
  107  8:02  Orbital Command, Siege Tank  
  114  8:08  SCV x2  
  116  8:20  SCV x2  
  116  8:21  Barracks Reactor  
  116  8:23  Barracks Reactor x2  
  116  8:24  Armory  
  118  8:29  SCV, Refinery  
  118  8:32  SCV x2  
  118  8:33  Sensor Tower  
  121  8:34  Refinery  
  121  8:38  Marine x3  
  124  8:41  SCV  
  124  8:46  SCV, Siege Tank  
  124  8:47  Supply Depot  
  129  8:51  Supply Depot  
  129  8:56  SCV x2  
  129  8:58  SCV, Supply Depot  
  132  9:08  Medivac x2  
  136  9:10  SCV  
  136  9:11  Supply Depot x2  
  136  9:12  Marine x4  
  136  9:13  Marine  
  136  9:14  Terran Infantry Weapons Level 2  
  142  9:17  Terran Infantry Armor Level 2  
  142  9:23  SCV x2  
  144  9:25  Marine  
  144  9:26  Marine x4  
  147  9:37  Marine  
  147  9:38  Marine x2  
  148  9:39  Command Center  
  148  9:40  SCV  
  148  9:41  Medivac  
  148  9:50  Marine x3, Siege Tank  
  148  9:51  Marine x2  
  156  9:59  SCV x2, Marine x2  
  158  10:00  Marine  
  158  10:04  Command Center, Marine x2  
  86  10:07  Medivac  
  162  10:08  Marine x4  
  162  10:11  Marine  
  168  10:17  Marine x3  
  161  10:21  Marine  
  161  10:22  Marine  
  161  10:25  SCV  
  161  10:26  Marine x4  
  126  10:29  Marine  
  126  10:32  SCV x2  
  126  10:35  Marine x3  
  128  10:39  Marine x2  
  128  10:42  SCV  
  128  10:44  SCV, Marine x2  
  128  10:45  SCV  
  124  10:54  SCV, Marine x5  
  124  10:55  Siege Tank  
  131  11:01  Terran Vehicle Weapons Level 1  
  131  11:05  Marine x3, Factory  
  134  11:13  Marine  
  134  11:14  Marine x2  
  137  11:20  Marine x2  
  137  11:21  Marine  
  137  11:23  Medivac x2  
  144  11:27  Siege Tank  
  144  11:28  Marine x4  
  144  11:31  Marine  
  144  11:32  Marine x2  
  151  11:42  Marine x3  
  149  11:50  Marine  
  149  11:51  Marine x2  
  149  11:53  Viking x2  
  155  11:57  Marine  
  155  11:58  Marine x2, Siege Tank  
  155  11:59  Siege Tank  
  155  12:01  SCV, Marine x3  
  159  12:02  SCV  
  159  12:04  Planetary Fortress  
  163  12:21  Marine x2  
  125  12:30  Siege Tank  
  125  12:31  Siege Tank  
  125  12:33  Marine x6  
  125  12:34  Marine x2  
  125  12:36  SCV  
  125  12:39  Marine  
  125  12:40  SCV x2  
  128  12:53  SCV x2  
  128  12:54  SCV  
  128  12:56  Marine x2  
  128  12:57  Marine  
  133  13:02  Siege Tank  
  136  13:05  SCV  
  136  13:08  Marine  
  136  13:09  Marine x6  
  136  13:10  SCV  
  145  13:14  Marine x2  
  145  13:15  Marine  
  145  13:16  Siege Tank  
  143  13:22  SCV x2  
  143  13:26  Marine x3  
  145  13:27  Marine  
  145  13:28  Marine  
  145  13:34  SCV x2  
  145  13:35  Medivac  
  145  13:37  Medivac  
  145  13:40  Marine x2  
  151  13:43  Siege Tank  
  157  13:48  Siege Tank  
  157  13:51  Marine  
  157  13:52  Marine x4  
  157  13:55  SCV x2  

Tags
 
Add a new tag
Caveats
  • Supply blocks, unpowered buildings, or Contaminate may cause inaccurate times.
  • Supply counts are checked every 10 seconds.